 Dungeon Crawl Stone Soup version 0.29-a0-378-gc08b2e8bf8 (webtiles) character file.

Game seed: 4072034288260390961

33 NinjaNoafa the Ruffian (level 3, -5/54 HPs)
             Began as a Troll Fighter on May 4, 2022.
             Was an Initiate of Trog.
             Slain by a gnoll
             ... wielding a +0 halberd
              (10 damage)
             ... on level 2 of the Dungeon.
             The game lasted 00:01:21 (1016 turns).

NinjaNoafa the Ruffian (Troll Fighter)              Turns: 1016, Time: 00:01:22

Health: -5/54      AC: 21    Str: 26    XL:     3   Next: 12%
Magic:  2/2        EV:  1    Int:  4    God:    Trog [......]
Gold:   61         SH:  7    Dex:  9    Spells: 2/2 levels left

rFire   . . .      SeeInvis .     - Unarmed
rCold   . . .      Faith    .   b - +0 kite shield
rNeg    . . .      Spirit   .   (body armour currently unavailable)
rPois   +          Reflect  .   (helmet currently unavailable)
rElec   .          Harm     .   (cloak currently unavailable)
rCorr   .          Rampage  .   (gloves unavailable)
Will    +....      NoTele   +   (boots unavailable)
Stlth   +.........              (no amulet)
HPRegen 0.98/turn               f - ring of willpower
MPRegen 0.08/turn               (no ring)

@: mighty, tree-form
A: stationary, stasis, torment immunity, boosted hp, large, unfitting armour,
(claws 3), regeneration 1, (shaggy fur 1), (tough skin 1), (iridescent scales 1)
a: Renounce Religion


You were on level 2 of the Dungeon.
You worshipped Trog.
Trog was noncommittal.
You were a tree.
You visited 1 branch of the dungeon, and saw 2 of its levels.

You collected 61 gold pieces.

Inventory:

Armour
 a - a +0 robe (melded)
 b - a +0 kite shield (worn)
Jewellery
 f - a ring of willpower (left branch)
 j - a ring of resist corrosion
Scrolls
 g - a scroll of vulnerability {unknown}
 h - 2 scrolls of teleportation {unknown}
Potions
 d - a potion of lignification
 i - a potion of mutation


   Skills:
 + Level 2.6 Fighting
 + Level 2.6 Dodging
 + Level 2.6 Shields
 * Level 2.7 Unarmed Combat


You had 2 spell levels left.
You didn't know any spells.
Your spell library contained the following spells:

 Spells                   Type           Power      Damage    Failure   Level
 Magic Dart               Conj           0%         1d3       80%         1
 Call Imp                 Summ           0%         N/A       91%         2
 Mephitic Cloud           Conj/Pois/Air  0%         N/A       99%         3


Dungeon Overview and Level Annotations

Branches:
Dungeon (2/15)

Altars:
Trog


Innate Abilities, Weirdness & Mutations

You are a tree.
Your roots penetrate the ground, keeping you stationary.
You cannot be teleported.
You are immune to unholy pain and torment.
Your maximum health is greatly increased.
Your equipment is partially melded.
You are too large for most types of armour.
((You have claws for hands.))
Your natural rate of healing is unusually fast.
((You are covered in fur. (AC +1)))
((You have tough skin. (AC +1)))
((You are partially covered in iridescent scales. (AC +2)))


Message History

The gnoll barely misses you.
The gnoll hits you from afar with a +0 spear.
The gnoll barely misses you.
The kobold throws a stone.
You block the stone. The gnoll hits you with a +0 spear. x2
The gnoll closely misses you. You block the gnoll's attack. x2
You feel very mighty all of a sudden. You block the gnoll's attack.
The gnoll hits you but does no damage.
The gnoll hits you from afar with a +0 spear.
You mangle the gnoll!!
You kill the gnoll!
Trog accepts your kill.
The gnoll hits you from afar with a +0 spear.
The gnoll hits you from afar with a +0 halberd!
* * * LOW HITPOINT WARNING * * *
You block the kobold's attack.
You have reached level 3!
Your experience leads to an increase in your attributes!
Increase (S)trength, (I)ntelligence, or (D)exterity?
You feel stronger. x3
You see here a scroll labelled YKHLIASM REARGH.
It was a potion of lignification.
You turn into a tree.
Your +0 robe melds into your body.
Your roots penetrate the ground.
The gnoll hits you but does no damage.
The gnoll hits you from afar with a +0 halberd.
* * * LOW HITPOINT WARNING * * *
You block the kobold's attack.
It was a potion of mutation.
You feel extremely strange.
Iridescent scales grow over part of your body.
The kobold hits you but does no damage.
The gnoll hits you but does no damage. x2
You barely miss the kobold. The kobold hits you but does no damage.
The gnoll hits you from afar with a +0 halberd.
* * * LOW HITPOINT WARNING * * *
The gnoll hits you from afar with a +0 spear.
* * * LOW HITPOINT WARNING * * *
As you read the scroll labelled SALEUFEWUNI, it crumbles to dust.
It is a scroll of brand weapon.
You aren't carrying any weapons that can be branded.
The gnoll hits you but does no damage. The kobold hits you but does no damage.
The gnoll hits you from afar with a +0 halberd!
You die...

.#
#............# #
####...###.⌠.#
#.<.# #...# #..
###...####### ##
#............
####....#####
#....# ###
#....# ...#
#.♣..# ....#
###..Kg#.....#
#...[)g......#
#............#
...............#
............####
.............#
.............#
.............


You could see 2 gnolls and a kobold.

Vanquished Creatures
  A gnoll (D:2)
  3 bats (D:1)
  2 giant cockroaches (D:1)
  A goblin (D:1)
  A hobgoblin (D:1)
  2 quokkas (D:1)
  3 ball pythons (D:1)
  6 kobolds (D:1)
  2 rats (D:1)
21 creatures vanquished.

Notes
Turn   | Place    | Note
-------+----------+-------------------------------------------
     0 | D:1      | NinjaNoafa the Troll Fighter began the quest for the Orb.
     0 | D:1      | Reached XP level 1. HP: 22/22 MP: 0/0
   121 | D:1      | Found a faded altar of an unknown god.
   141 | D:1      | Reached XP level 2. HP: 25/29 MP: 1/1
   952 | D:2      | Found a bloodstained altar of Trog.
   958 | D:2      | Became a worshipper of Trog the Wrathful
  1012 | D:2      | Reached XP level 3. HP: 2/36 MP: 2/2
  1014 | D:2      | Gained mutation: You are partially covered in iridescent
                  | scales. (AC +2) [potion of mutation]
  1016 | D:2      | Slain by a gnoll

Illustrated notes

Levels and vault maps discovered:
D:1:      saegor_arrival_simple_e, layout_rooms,
          hellmonk_ecumenical_altar_lost_god, serial_co_window_serial,
          co_window_paths_b, co_window_corner_a, co_window_paths_a,
          co_window_paths_a, co_window_corner_a, co_window_of_opportunity_a,
          co_window_paths_b, co_window_corner_b, co_window_of_opportunity_c,
          co_window_of_opportunity_c, co_window_paths_c,
          co_window_of_opportunity_c, co_window_corner_b, glass_columns_c,
          glass_columns_b, glass_columns_a, glass_columns_b, glass_columns_c
D:2:      layout_basic, basic_altar, nicolae_elevator_lobby_asterisk

Action                   || total
-------------------------++-------
Melee: Unarmed           ||    72
  Use: Potion            ||     3
       Scroll            ||     1
Armor: Robe              ||    28
       Skin              ||     7
Dodge: Dodged            ||    25
Block: Kite shield       ||    33

Table legend: (Time is in decaauts)
 A = Elapsed time spent in this place.
 B = Non-inter-level travel time spent in this place.
 C = Inter-level travel time spent in this place.
 D = Time resting spent in this place.
 E = Time spent auto-exploring this place.
 F = Levels seen in this place.
 G = Mean time per level.
                   A        B        C        D        E       F      G
               +--------+--------+--------+--------+--------+-----+--------+
         Total |   1022 |    981 |     41 |      0 |    787 |   2 |  511.0 |
       Dungeon |   1022 |    981 |     41 |      0 |    787 |   2 |  511.0 |
               +--------+--------+--------+--------+--------+-----+--------+

Top non-repeatable levels by time:
     D:1: 958 daAuts
     D:2: 64 daAuts
